 Dungeon Crawl Stone Soup version 0.27.1-3-gb3d3a73c9e (webtiles) character file.

Game seed: 4998616249770714142

2 Descartes the Chiller (level 1, 0/10 HPs)
             Began as a Deep Elf Wanderer on Oct 13, 2021.
             Killed from afar by a dart slug (4 damage)
             ... with a slug dart
             ... on level 1 of the Dungeon.
             The game lasted 00:01:02 (211 turns).

Descartes the Chiller (Deep Elf Wanderer)            Turns: 211, Time: 00:01:03

Health: 0/10       AC:  2    Str: 10    XL:     1   Next: 33%
Magic:  1/6        EV:  8    Int: 14    God:
Gold:   0          SH:  7    Dex: 15    Spells: 5/6 levels left

rFire    . . .     SeeInvis .   a - +0 dagger
rCold    . . .     Faith    .   d - +0 kite shield
rNeg     . . .     Spirit   .   c - +0 robe
rPois    .         Reflect  .   (no helmet)
rElec    .         Harm     .   (no cloak)
rCorr    .         Rampage  .   (no gloves)
Will     .....                  (no boots)
Stlth    ++........             (no amulet)
HPRegen  0.03/turn              g - ring of flight
MPRegen  0.10/turn              (no ring)

@: flying, very slightly contaminated
A: no striking features
a: no special abilities


You were on level 1 of the Dungeon.
You visited 1 branch of the dungeon, and saw 1 of its levels.

Inventory:

Hand Weapons
 a - a +0 dagger (weapon)
Missiles
 f - 30 stones
Armour
 c - a +0 robe (worn)
 d - a +0 kite shield (worn)
Jewellery
 g - a ring of flight (left hand)
Scrolls
 b - a scroll of teleportation
Potions
 e - a potion of curing {unknown}


   Skills:
 - Level 1.2 Stealth
 + Level 1.0 Shields
 - Level 3.0 Spellcasting
 + Level 3.5 Ice Magic
 - Level 3.0 Air Magic


You had 5 spell levels left.
You knew the following spells:

 Your Spells              Type           Power      Damage    Failure   Level
a - Freeze                Ice            44%        1d6       30%         1

Your spell library contained the following spells:

 Spells                   Type           Power      Damage    Failure   Level
 Frozen Ramparts          Ice            22%        1d4       67%         3


Dungeon Overview and Level Annotations

Branches:
Dungeon (1/15)

Altars:


Message History

Casting: Freeze (safe; 30% risk of failure)
Confirm with . or Enter, or press ? or * to list all spells.
Aiming: Freeze (safe; 30% risk of failure)
Press: ? - help, Shift-Dir - straight line, f - dart slug
Aim: a dart slug You miscast Freeze.
You are very lightly contaminated with residual magic.
Nothing appears to happen.
Casting: Freeze (safe; 30% risk of failure)
Confirm with . or Enter, or press ? or * to list all spells.
Aiming: Freeze (safe; 30% risk of failure)
Press: ? - help, Shift-Dir - straight line, f/p - dart slug
Aim: a dart slug You freeze the dart slug.
The dart slug is moderately wounded.
The dart slug launches a dart at you. The slug dart hits you.
Casting: Freeze (safe; 30% risk of failure)
Confirm with . or Enter, or press ? or * to list all spells.
Aiming: Freeze (safe; 30% risk of failure)
Press: ? - help, Shift-Dir - straight line, f/p - dart slug
Aim: a dart slug (lightly wounded)
You miscast Freeze.
Nothing appears to happen.
The dart slug bites you but does no damage.
Casting: Freeze (safe; 30% risk of failure)
Confirm with . or Enter, or press ? or * to list all spells.
Aiming: Freeze (safe; 30% risk of failure)
Press: ? - help, Shift-Dir - straight line, f/p - dart slug
Aim: a dart slug (lightly wounded)
You freeze the dart slug.
The dart slug is moderately wounded.
Casting: Freeze (safe; 30% risk of failure)
Confirm with . or Enter, or press ? or * to list all spells.
Aiming: Freeze (safe; 30% risk of failure)
Press: ? - help, Shift-Dir - straight line, f/p - dart slug
Aim: a dart slug (moderately wounded)
You miscast Freeze.
Nothing appears to happen.
The dart slug launches a dart at you. The slug dart hits you.
You die...

≈....###+######
..............#
+............#
#............#
+............#
#.###............#
.................#
#..@.........#
##w..........#
#.#########.# #.
#.# #. #.# #. #.#
.. #.# ##### #.#
#...# #.#


You could see a dart slug.

Vanquished Creatures
  A ball python (D:1)
  A goblin (D:1)
2 creatures vanquished.

Notes
Turn   | Place    | Note
-------+----------+-------------------------------------------
     0 | D:1      | Descartes the Deep Elf Wanderer began the quest for the
                  | Orb.
     0 | D:1      | Descartes set off with the following items: a +0 dagger, a
                  | scroll of teleportation, a +0 robe, a +0 kite shield; and
                  | the following spell memorised: Freeze; and the following
                  | spells available to memorise: Frozen Ramparts
     0 | D:1      | Reached XP level 1. HP: 10/10 MP: 6/6
   211 | D:1      | Killed from afar by a dart slug

Illustrated notes

Levels and vault maps discovered:
D:1:      minmay_arrival_stair_chambers, layout_basic, minmay_misc_feat_iff,
          hangedman_feature_mirror

Action                   || total
-------------------------++-------
Melee: Dagger            ||     1
 Cast: Freeze            ||     5
Armor: Robe              ||     2
Block: Kite shield       ||     1
